 Dungeon Crawl Stone Soup version 0.30-a0-972-gf3ab3527aa (webtiles) character file.

Game seed: 7205343288856717351

417 OrthodoxDeviant the Trooper (level 6, -1/52 HPs)
             Began as a Barachi Fighter on Mar 30, 2023.
             Was an Initiate of Okawaru.
             Slain by Duvessa
             ... wielding a +0 rapier
              (8 damage)
             ... on level 5 of the Dungeon on Mar 31, 2023.
             The game lasted 00:17:10 (4552 turns).

OrthodoxDeviant the Trooper (Barachi Fighter)       Turns: 4552, Time: 00:17:10

Health: -1/52      AC:  8    Str: 16 (18) XL:     6   Next: 92%
Magic:  7/7        EV:  8    Int:  5 (8)  God:    Okawaru [......]
Gold:   187        SH:  4    Dex: 11 (13) Spells: 5/5 levels left

rFire   . . .      SeeInvis .    a - +0 long sword
rCold   . . .      Faith    .    c - +0 buckler
rNeg    . . .      Spirit   .    b - +0 scale mail
rPois   .          Reflect  .    (no helmet)
rElec   .          Rampage  .    (no cloak)
rCorr   .                        (no gloves)
Will    .....                    r - +0 pair of boots Stlth
                                 (no amulet)
HPRegen 0.28/turn                (no ring)
MPRegen 0.10/turn                (no ring)

@: invisible, slow
A: amphibious, slowness 1, strong legs 1, +LOS
a: Hop, Renounce Religion


You were on level 5 of the Dungeon.
You worshipped Okawaru.
Okawaru was noncommittal.
You visited 2 branches of the dungeon, and saw 6 of its levels.

You collected 187 gold pieces.

Inventory:

Hand Weapons
 a - a +0 long sword (weapon)
Missiles
 i - 2 javelins (quivered)
 p - 7 poisoned darts
Armour
 b - a +0 scale mail (worn)
 c - a +0 buckler (worn)
 r - a +0 pair of boots (worn)
Magical Staves
 k - a staff of air
 s - a staff of death
Wands
 o - a wand of charming (6)
Scrolls
 e - a scroll of butterflies
 f - 2 scrolls of magic mapping
 g - 2 scrolls of enchant armour
 m - a scroll of torment {unknown}
 u - a scroll of amnesia {unknown}
 v - a scroll of vulnerability {unknown}
Potions
 q - a potion of curing
 w - a potion of mutation {unknown}


   Skills:
 * Level 6.1 Fighting
 * Level 5.5 Long Blades
 - Level 4.3 Armour
 - Level 3.9 Shields
 + Level 1.5 Invocations


You had 5 spell levels left.
You didn't know any spells.
Your spell library contained the following spells:

 Spells                   Type           Power      Damage    Failure   Level
 Lesser Beckoning         Tloc           0%         N/A       98%         2
 Gell's Gravitas          Tloc           0%         N/A       100%        3
 Ignite Poison            Fire/Tmut/Pois 0%         N/A       100%        3
 Kindle Blastsparks       Fire/Tloc/Air  0%         2d10      100%        3
 Teleport Other           Tloc           0%         N/A       100%        3
 Freezing Cloud           Conj/Ice/Air   0%         6-21      100%        5


Dungeon Overview and Level Annotations

Branches:
Dungeon (5/15)             Temple (1/1) D:4

Altars:
Dithmenos
Elyvilon
Fedhas
Gozag
Hepliaklqana
Kikubaaqudgha
Makhleb
Nemelex Xobeh
Okawaru
Qazlal
Ru
Sif Muna
Trog
Uskayaw
Vehumet
Wu Jian
Xom
Zin
The Shining One

Annotations:
D:5 Dowan, Duvessa


Innate Abilities, Weirdness & Mutations

You are amphibious.
You cover ground slowly.
You can hop short distances.
You have an extended range of vision and can be seen from far away.


Message History

It was a potion of brilliance.
You feel clever all of a sudden. Duvessa hits you with a +0 rapier.
You barely miss Duvessa. You block Duvessa's attack.
You closely miss Duvessa. Duvessa hits you but does no damage.
You hit Duvessa.
Duvessa is lightly wounded.
You block Duvessa's attack. Duvessa hits you but does no damage.
You slash Duvessa!
Duvessa is heavily wounded.
Duvessa gestures with her weapon.
You block Duvessa's attack.
You hit Duvessa but do no damage.
Duvessa is heavily wounded.
Dowan says, "Stay away from my face!"
Dowan casts a spell at Duvessa.
Duvessa seems to speed up.
Duvessa hits you with a +0 rapier.
* * * LOW HITPOINT WARNING * * *
You closely miss Duvessa.
Duvessa is heavily wounded.
Duvessa barely misses you. Duvessa hits you but does no damage.
You hit Duvessa.
Duvessa is heavily wounded.
Duvessa hits you with a +0 rapier.
* * * LOW HITPOINT WARNING * * *
It was a potion of degeneration.
There was something very wrong with that liquid.
You feel weakened.
You feel dopey.
You feel clumsy. Duvessa hits you with a +0 rapier.
* * * LOW HITPOINT WARNING * * *
Duvessa hits you but does no damage.
It was a potion of cancellation.
Your magical effects are unravelling.
You feel magically purged.
You feel a little less mighty now.
You feel a little less clever now. Duvessa hits you but does no damage.
It was a potion of invisibility.
You fade into invisibility!
Duvessa closely misses you. Duvessa hits you with a +0 rapier!
You die...

### #### ..# #...
############.# #.##
#ee@.......(.####.#
#.######..........#
# #.##..######
...##..# ##
##..##..#
..###..##..# #####
...#...##..###...)
.#.............###
# ..#..###..#####


You could see Duvessa (fast, unable to see you) and Dowan (unable to see you).

Vanquished Creatures
  A phantom (D:5)
  A scorpion (D:5)
  2 hounds (D:5)
  An iguana (D:5)
  A sleepcap (D:4)
  2 orc wizards
  5 adders
  A worm (D:4)
  5 dart slugs
  5 orcs (D:3)
  7 bats
  6 endoplasms
  4 giant cockroaches (D:1)
  2 goblins
  7 hobgoblins
  3 quokkas
  5 ball pythons
  3 frilled lizards
  4 kobolds
  2 rats
67 creatures vanquished.

Notes
Turn   | Place    | Note
-------+----------+-------------------------------------------
     0 | D:1      | OrthodoxDeviant the Barachi Fighter began the quest for the
                  | Orb.
     0 | D:1      | Reached XP level 1. HP: 18/18 MP: 1/1
    36 | D:1      | Upgraded the game from 0.30-a0-965-g42e074c17a to
                  | 0.30-a0-972-gf3ab3527aa
    88 | D:1      | Reached XP level 2. HP: 24/25 MP: 2/2
   199 | D:1      | Reached skill level 4 in Fighting
   526 | D:1      | Reached XP level 3. HP: 27/30 MP: 3/3
  1325 | D:2      | Found a radiant altar of Vehumet.
  2024 | D:3      | Found a hazy altar of Hepliaklqana.
  2103 | D:3      | Reached XP level 4. HP: 38/38 MP: 4/4
  2449 | D:3      | Found a faded altar of an unknown god.
  2857 | D:4      | Reached XP level 5. HP: 41/43 MP: 5/5
  3098 | D:4      | Reached skill level 5 in Fighting
  3106 | D:4      | Found a staircase to the Ecumenical Temple.
  3144 | Temple   | Entered the Ecumenical Temple
  3299 | Temple   | Became a worshipper of Warmaster Okawaru
  3460 | D:4      | Found a shadowy altar of Dithmenos.
  3633 | D:4      | Noticed an ogre
  3964 | D:5      | Entered Level 5 of the Dungeon
  3964 | D:5      | Noticed a phantom
  4180 | D:5      | Noticed Duvessa
  4180 | D:5      | Noticed Dowan
  4218 | D:5      | Reached XP level 6. HP: 36/51 MP: 6/6
  4313 | D:5      | Reached skill level 5 in Long Blades
  4313 | D:5      | Reached skill level 1 in Invocations
  4474 | D:5      | Reached skill level 6 in Fighting
  4552 | D:5      | Slain by Duvessa

Illustrated notes

Levels and vault maps discovered:
D:1:      sevenhm_arrival_forest_fort_large_4, layout_basic,
          serial_bayou_pond_d, nicolae_titane
D:2:      layout_basic, basic_altar
D:3:      layout_basic, mainiacjoe_overflow_24_doors, basic_ecumenical_altar,
          grunt_ministairs_11, minmay_ruptured
D:4:      layout_basic, nicolae_dithmenos_through_a_glass_darkly,
          minmay_temple_entry_offerings
D:5:      minmay_chambers_of_fours, layout_loops_ring, serial_glass,
          glass_columns_a, glass_columns_b, glass_columns_b, glass_columns_c,
          dk_vineyard_2, minmay_checkerbox, uniq_grinder, uniq_duvessa
Temple:   nicolae_temple_elliptical

Skill      XL: |  1  2  3  4  5  6 |
---------------+-------------------+-----
Long Blades    | 3 4 5 |  5.5
Fighting       | 4 5 6 |  6.1
Armour         | 4 |  4.3
Invocations    | 1 |  1.5
Shields        | |  3.9

Action                     |  1- 3 |  4- 6 || total
---------------------------+-------+-------++-------
  Melee: Long sword        |   130 |   164 ||   294
  Throw: Javelin           |       |    10 ||    10
         Dart              |       |     5 ||     5
Ability: Hop               |       |     2 ||     2
    Use: Scroll            |       |     6 ||     6
         Potion            |       |     6 ||     6
 Armour: Scale mail        |    64 |    73 ||   137
  Dodge: Dodged            |    71 |    60 ||   131
  Block: Buckler           |    37 |    45 ||    82

Table legend: (Time is in decaauts)
 A = Elapsed time spent in this place.
 B = Non-inter-level travel time spent in this place.
 C = Inter-level travel time spent in this place.
 D = Time resting spent in this place.
 E = Time spent auto-exploring this place.
 F = Levels seen in this place.
 G = Mean time per level.
                   A        B        C        D        E       F      G
               +--------+--------+--------+--------+--------+-----+--------+
         Total |   5313 |   4811 |    502 |     86 |   3845 |   6 |  885.5 |
       Dungeon |   5105 |   4686 |    419 |     86 |   3741 |   5 | 1021.0 |
        Temple |    208 |    126 |     82 |      0 |    104 |   1 |  208.0 |
               +--------+--------+--------+--------+--------+-----+--------+

Top non-repeatable levels by time:
     D:4: 1266 daAuts
     D:1: 1195 daAuts
     D:2: 1100 daAuts
     D:3: 930 daAuts
     D:5: 612 daAuts
  Temple: 208 daAuts
